 Dungeon Crawl Stone Soup version 0.31-a0-702-gf82c85558f (webtiles) character file.

Game seed: 8881887711688321895

503 qw the Shooter (level 7, -5/44 HPs)
             Began as a Gargoyle Hunter on Sept 8, 2023.
             Was an Initiate of Okawaru.
             Slain by an ogre
             ... wielding a +0 giant spiked club
              (11 damage)
             ... on level 4 of the Dungeon.
             The game lasted 00:01:20 (2502 turns).

qw the Shooter (Gargoyle Hunter)                    Turns: 2502, Time: 00:01:20

Health: -5/44      AC: 10    Str: 15    XL:     7   Next: 17%
Magic:  7/7        EV: 11    Int:  9    God:    Okawaru [......]
Gold:   271        SH:  0    Dex: 15    Spells: 6/6 levels left

rFire   . . .        Y - +2 shortbow
rCold   . . .        (shield currently unavailable)
rNeg    + . .        f - +0 ring mail
rPois   inf          (no helmet)
rElec   +            (no cloak)
rCorr   .            (no gloves)
SInv    .            (no boots)
Will    .....        (no amulet)
Stlth   +            (no ring)
HPRegen 0.27/turn    (no ring)
MPRegen 0.10/turn

%: no passive effects
@: about to teleport
A: sickness immunity, AC +4, negative energy resistance 1, electricity
resistance, torment resistance 1, petrification resistance
a: Renounce Religion


You were on level 4 of the Dungeon.
You worshipped Okawaru.
Okawaru was noncommittal.
You visited 2 branches of the dungeon, and saw 5 of its levels.

You collected 271 gold pieces.


Innate Abilities, Weirdness & Mutations

You are immune to sickness and miasma.
Your stone body is resilient. (AC +4)
You are immune to poison.
You resist negative energy. (rN+)
You are resistant to electric shocks. (rElec)
You are resistant to unholy torment.
You are immune to petrification.


   Skills:
 - Level 5.4 Fighting
 + Level 6.9 Ranged Weapons
 - Level 1.0 Armour
 - Level 1.5 Dodging
 - Level 1.1 Stealth


You had 6 spell levels left.
You didn't know any spells.
Your spell library was empty.

Inventory:

Hand Weapons
 Y - a +2 shortbow (weapon)
Armour
 e - a +0 pair of boots
 f - a +0 ring mail (worn)
Jewellery
 j - a +6 ring of dexterity
Scrolls
 a - 2 scrolls of identify
 b - a scroll of amnesia {unknown}
Potions
 c - 2 potions of curing {unknown}
 d - a potion of lignification {unknown}
 g - 3 potions of might
 h - a potion of mutation

Dungeon Overview and Level Annotations

Branches:
Dungeon (4/15)             Temple (1/1) D:4

Altars:
Fedhas
Gozag
Hepliaklqana
Kikubaaqudgha
Nemelex Xobeh
Okawaru
Qazlal
Ru
Sif Muna
Trog
Vehumet
Wu Jian
Xom
Yredelemnul
Zin

Annotations:
D:4 1 runed translucent door, qw's ghost, amateur GrHu


Message History

Okawaru accepts your kill.
You now have 271 gold pieces (gained 10).
An ogre, an adder and a hobgoblin come into view.
Found a book of Weapons.
The hobgoblin shouts!
You shoot an arrow. The adder hisses angrily.
The arrow hits the adder!
You kill the adder!
Okawaru accepts your kill.
You shoot an arrow. The arrow closely misses the hobgoblin.
You shoot an arrow. The arrow hits the hobgoblin!
You kill the hobgoblin!
Okawaru accepts your kill.
You shoot an arrow. The arrow hits the ogre.
The ogre is lightly wounded.
The ogre closely misses you.
You shoot an arrow. The arrow completely misses the ogre.
The ogre hits you with a +0 giant spiked club!!
Ouch! That really hurt!
You shoot an arrow. The arrow hits the ogre!
The ogre is moderately wounded.
You shoot an arrow. The arrow hits the ogre!
The ogre is heavily wounded.
The ogre hits you with a +0 giant spiked club.
You shoot an arrow.
The arrow hits the ogre but does no damage.
The ogre is heavily wounded.
The ogre closely misses you.
You shoot an arrow. The arrow completely misses the ogre.
The ogre barely misses you.
You shoot an arrow. The arrow completely misses the ogre.
You shoot an arrow. The arrow hits the ogre!
The ogre is almost dead.
The ogre hits you with a +0 giant spiked club!
2502 ||| READING scroll of teleportation.
As you read the scroll of teleportation, it crumbles to dust.
You feel strangely unstable.
The ogre hits you with a +0 giant spiked club!
You die...

#......# #...#
#...# #..#####
#...# #...#
#..###### #...#
#....
#..<....###....
.....#
#..###.#.##.#.#
###...
#.....###...#
#..###.#.##.#
#..# ##.## #
#..# #@#
#....:.%O.....#
#...##.%.......
#... ...##....#
#.. ..... .....
....## ...#
..... #..
##..## ##


You could see an ogre.

Vanquished Creatures
  Grinder (D:3)
  3 hounds (D:4)
  Jessica (D:3)
  7 adders
  3 dart slugs
  4 orcs
  12 ball pythons
  10 endoplasms
  4 giant cockroaches
  8 goblins
  8 hobgoblins
  10 jackals (D:1)
  8 kobolds
  8 quokkas
  9 bats
  4 frilled lizards
  7 rats
107 creatures vanquished.

Notes
Turn   | Place    | Note
-------+----------+-------------------------------------------
     0 | D:1      | qw the Gargoyle Hunter began the quest for the Orb.
     0 | D:1      | Reached XP level 1. HP: 12/12 MP: 1/1
     0 | D:1      | 0 ||| qw: Version: 0.3-a-76-g4403597
     0 | D:1      | 0 ||| qw: Game counter: 1037
     0 | D:1      | 0 ||| qw: Melee chars always use a shield: true
     0 | D:1      | 0 ||| qw: God list: Okawaru
     0 | D:1      | 0 ||| qw: Allow faded altars: false
     0 | D:1      | 0 ||| qw: Do Orc after clearing Dungeon:15 true
     0 | D:1      | 0 ||| qw: Do second Lair branch before Depths: true
     0 | D:1      | 0 ||| qw: Lair rune preference: random
     0 | D:1      | 0 ||| qw: Goals: Normal
     0 | D:1      | 0 ||| PLANNING D:1-11
    32 | D:1      | Reached XP level 2. HP: 12/17 MP: 2/2
   123 | D:1      | 123 ||| Stepping ~*~*~tactically~*~*~ (retreating).
   166 | D:1      | Reached XP level 3. HP: 21/21 MP: 3/3
   175 | D:1      | Reached skill level 5 in Ranged Weapons
   635 | D:1      | 635 ||| UPGRADING to +0 ring mail.
   645 | D:1      | 645 ||| DROPPING +0 leather armour.
   646 | D:1      | 646 ||| READING 2 scrolls labelled OMINOLAFYCS.
   647 | D:1      | 647 ||| READING scroll labelled BIMENE UMNOYZU.
   648 | D:1      | 648 ||| DROPPING scroll of butterflies.
   816 | D:2      | Reached skill level 1 in Armour
   817 | D:2      | Reached XP level 4. HP: 27/27 MP: 4/4
   861 | D:2      | Reached skill level 3 in Fighting
  1355 | D:2      | 1355 ||| READING scroll labelled BOW TEEXKIMI.
  1356 | D:2      | 1356 ||| READING scroll labelled HAFIAMNOASS.
  1357 | D:2      | 1357 ||| DRINKING 2 black potions.
  1358 | D:2      | 1358 ||| DRINKING 2 lumpy inky potions.
  1359 | D:2      | 1359 ||| READING 3 scrolls of identify.
  1359 | D:2      | 1359 ||| IDENTIFYING silvery potion
  1360 | D:2      | 1360 ||| READING 2 scrolls of identify.
  1360 | D:2      | 1360 ||| IDENTIFYING smoky clear potion
  1361 | D:2      | 1361 ||| DROPPING potion of invisibility.
  1362 | D:2      | 1362 ||| DROPPING potion of attraction.
  1410 | D:3      | Found a shimmering blue altar of Sif Muna.
  1465 | D:3      | Noticed Jessica
  1470 | D:3      | Killed Jessica
  1471 | D:3      | Reached XP level 5. HP: 32/32 MP: 5/5
  1474 | D:3      | 1474 ||| FLEEEEING.
  1578 | D:3      | Found a glowing silver altar of Zin.
  1599 | D:3      | HP: 8/32 [orc/+0 trident (8)]
  1600 | D:3      | Reached skill level 6 in Ranged Weapons
  1767 | D:3      | 1767 ||| READING scroll of enchant weapon.
  1767 | D:3      | 1767 ||| ENCHANTING +1 shortbow.
  1786 | D:3      | Noticed Grinder
  1793 | D:3      | Paralysed by Grinder for 2 turns
  1800 | D:3      | Killed Grinder
  1801 | D:3      | Reached XP level 6. HP: 40/40 MP: 6/6
  1887 | D:3      | 1887 ||| READING scroll labelled JYBLYUPSIA.
  2061 | D:4      | Found a staircase to the Ecumenical Temple.
  2062 | D:4      | 2062 ||| PLANNING TEMPLE
  2062 | D:4      | 2062 ||| READING scroll labelled RUTHIF SOUK.
  2083 | Temple   | Entered the Ecumenical Temple
  2084 | Temple   | 2084 ||| PLANNING OKAWARU WORSHIP
  2097 | Temple   | Became a worshipper of Warmaster Okawaru
  2098 | Temple   | 2098 ||| PLANNING D:1-11
  2150 | D:4      | Found a runed translucent door.
  2151 | D:4      | Noticed qw's ghost (amateur GrHu)
  2260 | D:4      | Reached XP level 7. HP: 41/44 MP: 7/7
  2501 | D:4      | HP: 5/44 [ogre/+0 giant spiked club (9)]
  2502 | D:4      | 2502 ||| READING scroll of teleportation.
  2502 | D:4      | Slain by an ogre

Levels and vault maps discovered:
D:1:      nzn_arrival_water_spiral, layout_loops_cross
D:2:      minmay_inner_zag, layout_rooms, minmay_randomly_rotated_circles
D:3:      layout_rooms, nicolae_sif_muna_condensation, zin_academy,
          minmay_shallow_snake_nest, uniq_grinder, uniq_jessica
D:4:      layout_loops_ring, minmay_temple_entry_trees, gammafunk_ghost_grave,
          chequers_garden
Temple:   nicolae_temple_figure_eight

Skill      XL: |  1  2  3  4  5 |
---------------+----------------+-----
Ranged Weapons | 5 6 |  6.9
Armour         | 1 |  1.0
Fighting       | 3 5 |  5.4
Dodging        | |  1.5
Stealth        | |  1.1

Action                     |  1- 3 |  4- 6 |  7- 9 || total
---------------------------+-------+-------+-------++-------
   Fire: Shortbow          |   125 |   181 |    49 ||   355
    Use: Scroll            |     2 |     7 |     1 ||    10
         Potion            |       |     2 |       ||     2
 Armour: Leather armour    |    31 |       |       ||    31
         Ring mail         |     5 |    86 |    17 ||   108
  Dodge: Dodged            |    48 |    68 |    14 ||   130

Table legend:
 A = Non-vault XP
 B = Vault XP
 C = Vault XP percentage of total XP
 D = Non-vault monster count
 E = Vault monster count
 F = Vault count percentage of total count
                 A         B        C        D         E       F
            +---------+---------+-------+---------+---------+-------
      Total |     363 |     356 |  49.5 |      89 |      18 |  16.8
            +---------+---------+-------+---------+---------+-------
        D:1 |      66 |       0 |   0.0 |      35 |       0 |   0.0
        D:2 |      50 |      17 |  25.4 |      15 |      10 |  40.0
        D:3 |      34 |     339 |  90.9 |      19 |       8 |  29.6
        D:4 |     213 |       0 |   0.0 |      20 |       0 |   0.0
            +---------+---------+-------+---------+---------+-------
